 Dungeon Crawl Stone Soup version 0.17.0-24-gcfadda4 (webtiles) character file.

708 vatarom the Changer (level 7, -1/59 HPs)
             Began as a White Draconian Transmuter on Nov 17, 2015.
             Slain by Niddhoggr's ghost (8 damage)
             ... on level 4 of the Dungeon.
             The game lasted 00:11:03 (4553 turns).

vatarom the Changer (White Draconian Transmuter)    Turns: 4553, Time: 00:11:03

Health: -1/59      AC:  7    Str: 13    XL:     7   Next: 40%
Magic:  10/10      EV:  9    Int: 16    God:
Gold:   167        SH:  0    Dex: 13    Spells: 2 memorised, 6 levels left

rFire  . . .     SeeInvis .       - Unarmed
rCold  + . .     Clarity  .     (armour unavailable)
rNeg   . . .     SustAt   .     (no shield)
rPois  .         Gourm    .     (helmet restricted)
rElec  .         Spirit   .     (no cloak)
rCorr  .         Warding  .     g - +0 pair of gloves
rMut   .         Rnd*Tele +     (no boots)
MR     .....                    (no amulet)
Stlth  +.........               m - ring of teleportation (curse)
                                e - +3 ring of intelligence

@: not resistant to hostile enchantments, very unstealthy
A: breathe frost, unfitting armour, cold resistance 1, cold-blooded, AC +6
a: Breathe Frost, Evoke Teleportation


You were on level 4 of the Dungeon.
You were not hungry.

You visited 1 branch of the dungeon, and saw 4 of its levels.

You collected 167 gold pieces.

Inventory:

Missiles
 j - 18 arrows
Armour
 g - a +0 pair of gloves (worn)
Jewellery
 c - an uncursed amulet of stasis
 e - a +3 ring of intelligence (left hand)
 m - a cursed ring of teleportation (right hand)
 o - a +3 ring of evasion
Scrolls
 a - a scroll of magic mapping
 f - 3 scrolls of identify
Potions
 i - a potion of haste
 l - a potion of curing
 n - a potion of mutation {unknown}
Books
 b - a book of Changes

   Spells                             Type                      Level
   a - Beastly Appendage              Transmutation                1
   b - Sticks to Snakes               Transmutation                2
   c - Spider Form                    Transmutation/Poison         3
   d - Ice Form                       Ice/Transmutation            4
   e - Blade Hands                    Transmutation                5
Comestibles
 d - 4 fruits
 h - a meat ration


   Skills:
 + Level 4.0 Fighting
 - Level 4.1 Dodging
 - Level 3.0 Unarmed Combat
 - Level 2.0 Spellcasting
 + Level 6.3 Transmutations


You had 6 spell levels left.
You knew the following spells:

 Your Spells              Type           Power        Failure   Level  Hunger
a - Beastly Appendage     Trmt           ###...       1%          1    #......
b - Spider Form           Trmt/Pois      ##........   17%         3    ###....


Dungeon Overview and Level Annotations

Branches:
Dungeon (4/15)
 Temple: D:4-7

Altars:
Ashenzari
Trog

Shops:
D:4 ((

Annotations:
D:4 Niddhoggr's ghost, amateur MiFi


Innate Abilities, Weirdness & Mutations

You can breathe waves of freezing cold.
You can buffet flying creatures when you breathe cold.
Your icy white scales are hard (AC +6).
Your body does not fit into most forms of armour.
Your flesh is cold resistant.
You are cold-blooded and may be slowed by cold attacks.


Message History

Niddhoggr's ghost completely misses you.
Unknown command.
You bite Natasha!
You kill Natasha!
Natasha screams in fury as she dies!
Your Fighting skill increases to level 4!
You have got your breath back.
Unknown command.
Niddhoggr's ghost barely misses you.
You see here the felid corpse of Natasha.
Your transformation is almost over.
Niddhoggr's ghost grins evilly.
Your transformation has ended.
Your +0 pair of gloves unmelds from your body.
All of the chunks of flesh in your inventory have rotted away.
There is a stone staircase leading up here.
Magic restored.
The worker ant waves its antennae.
Niddhoggr's ghost hits you!
You die...

### #.# #(# #.#
#@# #W#
#a##############
#..............#
#############.##
#.# #.# #.#
###.##


You could see a worker ant and Niddhoggr's ghost.

Vanquished Creatures
  The ghost of vatarom the Changer, an amateur DrTm (D:3)
  3 ogres (D:4)
  A water moccasin skeleton (D:4)
  An orc priest (D:3)
  Ijyb (D:2)
  Terence (D:2)
  Natasha (twice) (D:4)
  A worker ant (D:4)
  7 adders
  3 gnolls (D:4)
  2 oozes
  4 worms
  12 orcs
  A ball python (D:4)
  4 giant cockroaches
  10 goblins
  4 hobgoblins
  9 kobolds
  3 quokkas
  11 bats
  2 giant geckos (D:2)
  2 giant newts (D:3)
  2 rats
87 creatures vanquished.

Notes
Turn   | Place    | Note
--------------------------------------------------------------
     0 | D:1      | vatarom the Draconian Transmuter began the quest for the Orb.
     0 | D:1      | Reached XP level 1. HP: 16/16 MP: 3/3
   151 | D:1      | Reached XP level 2. HP: 20/23 MP: 3/5
   618 | D:2      | Noticed Ijyb
   669 | D:2      | Killed Ijyb
   669 | D:2      | Reached XP level 3. HP: 10/28 MP: 4/6
   895 | D:2      | Found a shattered altar of Ashenzari.
  1027 | D:2      | Reached XP level 4. HP: 26/35 MP: 7/7
  1067 | D:2      | Learned a level 3 spell: Spider Form
  1179 | D:2      | Noticed Terence
  1196 | D:2      | Killed Terence
  1487 | D:2      | Reached skill level 4 in Transmutations
  1983 | D:3      | Noticed vatarom's ghost (amateur DrTm)
  1993 | D:3      | Reached XP level 5. HP: 40/40 MP: 4/8
  2346 | D:3      | HP: 2/40 [orc/trident (4)]
  3007 | D:3      | Found a bloodstained altar of Trog.
  3084 | D:3      | Killed vatarom's ghost
  3084 | D:3      | Reached XP level 6. HP: 19/47 MP: 4/9
  3302 | D:3      | Reached skill level 5 in Transmutations
  3678 | D:4      | Found Ustitsan's Antique Weapon Emporium.
  4069 | D:4      | Noticed Natasha
  4080 | D:4      | Killed Natasha
  4207 | D:4      | Found Gukkoopp's Weapon Emporium.
  4305 | D:4      | Reached skill level 6 in Transmutations
  4305 | D:4      | Your scales start taking on an icy white colour.
  4305 | D:4      | Gained mutation: Your flesh is cold resistant. [White Draconian growth]
  4305 | D:4      | Reached XP level 7. HP: 33/57 MP: 7/10
  4455 | D:4      | Noticed Niddhoggr's ghost (amateur MiFi)
  4523 | D:4      | Noticed Natasha
  4528 | D:4      | HP: 2/58 [Niddhoggr's ghost (10)]
  4530 | D:4      | Killed Natasha
  4553 | D:4      | Slain by Niddhoggr's ghost

Action                   |  1- 3 |  4- 6 |  7- 9 || total
-------------------------+-------+-------+-------++-------
Melee: Unarmed           |   134 |   338 |    18 ||   490
 Cast: Beastly Appendage |     8 |     5 |       ||    13
       Spider Form       |       |    15 |     3 ||    18
 Abil: Breathe Frost     |       |       |     3 ||     3
  Use: Scroll            |     3 |     3 |       ||     6
       Potion            |     2 |     2 |       ||     4
 Stab: Sleeping          |       |     1 |       ||     1
  Eat: Chunk             |       |     6 |     2 ||     8
       Fruit             |       |     2 |       ||     2
       Bread ration      |       |     1 |       ||     1
       Pizza             |       |     1 |       ||     1
